 Dungeon Crawl Stone Soup version 0.18.1-50-g88ac8fd (webtiles) character file.

253 Cousarr the Grave Robber (level 5, -3/35 HPs)
             Began as a Demonspawn Necromancer on Oct 8, 2016.
             Shot with an arrow by a centaur (7 damage)
             ... on level 5 of the Dungeon.
             The game lasted 00:16:55 (3587 turns).

Cousarr the Grave Robber (Demonspawn Necromancer)   Turns: 3587, Time: 00:16:56

Health: -3/35      AC:  4    Str:  9    XL:     5   Next: 90%
Magic:  9/9        EV:  7    Int: 17    God:
Gold:   260        SH:  0    Dex: 13    Spells: 4 memorised, 1 level left

rFire  . . .     SeeInvis .     h - +1 short sword (venom)
rCold  . . .     Gourm    .     a - +0 robe
rNeg   . . .     Faith    .     (no shield)
rPois  .         Spirit   .     (helmet restricted)
rElec  .         Dismiss  .     (no cloak)
rCorr  .         Reflect  .     t - +0 pair of gloves
SustAt +         Harm     .     p - +0 pair of boots
MR     .....                    (no amulet)
Stlth  ++........               (no ring)
                                q - ring of sustain attributes

@: not resistant to hostile enchantments, unstealthy
A: antennae 2, rot immunity
a: no special abilities


You were on level 5 of the Dungeon.
You were not hungry.

You visited 1 branch of the dungeon, and saw 5 of its levels.

You collected 260 gold pieces.

Inventory:

Hand Weapons
 e - a +0 dagger
 h - a +1 short sword of venom (weapon)
Armour
 a - a +0 robe (worn)
 p - a +0 pair of boots (worn)
 t - a +0 pair of gloves (worn)
Jewellery
 q - a ring of sustain attributes (left hand)
Wands
 n - a wand of polymorph (10/24)
Scrolls
 d - 7 scrolls of identify {unknown}
 i - 3 scrolls of recharging {unknown}
 j - 4 scrolls of teleportation {unknown}
 k - 2 scrolls of enchant weapon {unknown}
 l - 2 scrolls of magic mapping {unknown}
 m - a scroll of immolation {unknown}
 s - a scroll of random uselessness {unknown}
 w - a scroll of remove curse {unknown}
 x - a scroll of fog {unknown}
Potions
 f - a potion of curing {unknown}
 g - a potion of berserk rage {unknown}
 v - a potion of magic {unknown}
Books
 b - a book of Necromancy

   Spells                             Type                      Level
   a - Pain                           Necromancy                   1
   b - Animate Skeleton               Necromancy                   1
   c - Vampiric Draining              Necromancy                   3
   d - Regeneration                   Charms/Necromancy            3
   e - Animate Dead                   Necromancy                   4
   f - Control Undead                 Necromancy                   4
Comestibles
 c - 3 bread rations
 o - a beef jerky
 r - a meat ration
 u - a royal jelly


   Skills:
 - Level 1.7 Dodging
 + Level 2.5 Stealth
 + Level 3.1 Spellcasting
 * Level 7.0 Necromancy


You had one spell level left.
You knew the following spells:

 Your Spells              Type           Power        Failure   Level  Hunger
a - Pain                  Necr           ####         1%          1    None
b - Animate Skeleton      Necr           N/A          1%          1    None
c - Vampiric Draining     Necr           ####......   3%          3    ###....
d - Animate Dead          Necr           N/A          12%         4    ####...


Dungeon Overview and Level Annotations

Branches:
Dungeon (5/15)
 Temple: D:4-7

Altars:
Nemelex Xobeh
Sif Muna
Xom
The Shining One

Annotations:
D:4 nxtlvl's ghost, weakling FeTm


Innate Abilities, Weirdness & Mutations

You have a pair of antennae on your head.
You are immune to rotting.


Message History

x - a scroll labeled TOMNIENETZA You sense a monster nearby.
A centaur comes into view.
The centaur shouts!
The centaur wields a shortbow.
The centaur shoots an arrow.
The arrow hits you!
You see here an arrow.
The centaur shoots an arrow.
The arrow hits you!
You see here an arrow.
The centaur shoots an arrow.
The arrow hits you.
The centaur shoots an arrow.
The arrow hits you.
* * * LOW HITPOINT WARNING * * *
You see here 2 arrows.
The centaur shoots an arrow.
The arrow hits you.
* * * LOW HITPOINT WARNING * * *
You see here an arrow.
The centaur shoots an arrow.
The arrow barely misses you.
There is a stone staircase leading up here.
You see here an arrow.
The centaur shoots an arrow.
The arrow hits you!
You die...

. ...
#.#..###########
._.....@(......#
#.#......((..(.#
......>.######c#
.....#### ...
..... .### ....
c# ... .# ... .#
.#


You could see a centaur.

Vanquished Creatures
  A hound (D:4)
  A worker ant (D:4)
  A hound skeleton (D:4)
  9 adders
  A gnoll (D:1)
  An adder skeleton (D:4)
  3 worms
  A dart slug (D:2)
  A giant gecko (D:1)
  7 orcs
  7 bats
  9 giant cockroaches
  4 goblins
  6 hobgoblins
  3 quokkas (D:2)
  A ball python (D:1)
  4 giant newts
  11 kobolds
  A quokka skeleton (D:4)
  11 rats
83 creatures vanquished.

Notes
Turn   | Place    | Note
--------------------------------------------------------------
     0 | D:1      | Cousarr the Demonspawn Necromancer began the quest for the Orb.
     0 | D:1      | Reached XP level 1. HP: 13/13 MP: 3/3
   210 | D:1      | Gained mutation: You have a pair of small antennae on your head. [demonic ancestry]
   210 | D:1      | Reached XP level 2. HP: 12/19 MP: 0/5
   216 | D:1      | Learned a level 1 spell: Animate Skeleton
   387 | D:1      | Reached skill level 5 in Necromancy
   563 | D:1      | Reached XP level 3. HP: 16/24 MP: 1/6
   569 | D:1      | Learned a level 3 spell: Vampiric Draining
  1273 | D:2      | Found a shimmering altar of Xom.
  1493 | D:2      | Gained mutation: You have a pair of antennae on your head. [demonic ancestry]
  1493 | D:2      | Reached XP level 4. HP: 30/30 MP: 7/7
  1729 | D:3      | Found a deep blue altar of Sif Muna.
  1873 | D:3      | Reached skill level 6 in Necromancy
  2399 | D:3      | Gained mutation: You are immune to rotting. [demonic ancestry]
  2399 | D:3      | Reached XP level 5. HP: 29/35 MP: 7/9
  2652 | D:3      | Learned a level 4 spell: Animate Dead
  2695 | D:3      | Found a sparkling altar of Nemelex Xobeh.
  3056 | D:4      | Noticed nxtlvl's ghost (weakling FeTm)
  3424 | D:4      | Reached skill level 7 in Necromancy
  3567 | D:5      | Entered Level 5 of the Dungeon
  3567 | D:5      | Found a glowing golden altar of the Shining One.
  3580 | D:5      | Noticed a centaur
  3587 | D:5      | Shot with an arrow by a centaur

Skill      XL: |  1  2  3  4  5 |
---------------+----------------+-----
Necromancy     | 5 6 7 |  7.0
Stealth        | 2 |  2.5
Spellcasting   | 3 |  3.1
Dodging        | |  1.7

Action                   |  1- 3 |  4- 6 || total
-------------------------+-------+-------++-------
Melee: Dagger            |    22 |       ||    22
       Unarmed           |     1 |       ||     1
       Short sword       |    33 |    41 ||    74
 Cast: Pain              |    42 |    73 ||   115
       Animate Dead      |       |     1 ||     1
       Vampiric Draining |       |     1 ||     1
 Stab: Sleeping          |     7 |     1 ||     8
  Eat: Chunk             |     2 |     7 ||     9
Armor: Robe              |    13 |    19 ||    32
Dodge: Dodged            |    43 |    49 ||    92
